 Dungeon Crawl Stone Soup version 0.29-a0-416-g83a48905f1 (webtiles) character file.

Game seed: 10375625605844333267

154 leviel the Chopper (level 5, 0/47 HPs)
             Began as a Hill Orc Fighter on May 16, 2022.
             Slain by a black bear (1 damage)
             ... on level 3 of the Dungeon.
             The game lasted 00:03:29 (1832 turns).

leviel the Chopper (Hill Orc Fighter)               Turns: 1832, Time: 00:03:30

Health: 0/47       AC:  8    Str: 21    XL:     5   Next: 35%
Magic:  5/5        EV:  9    Int:  8    God:
Gold:   32         SH:  5    Dex: 12    Spells: 4/4 levels left

rFire   . . .      SeeInvis .   a - +0 war axe
rCold   . . .      Faith    .   c - +0 buckler
rNeg    . . .      Spirit   .   b - +1 scale mail
rPois   +          Reflect  .   (no helmet)
rElec   .          Harm     .   (no cloak)
rCorr   .          Rampage  .   (no gloves)
Will    .....                   (no boots)
Stlth   +.........              (no amulet)
HPRegen 0.15/turn               (no ring)
MPRegen 0.09/turn               (no ring)

@: no status effects
A: thin skeletal structure 1, poison resistance
a: no special abilities


You were on level 3 of the Dungeon.
You visited 1 branch of the dungeon, and saw 4 of its levels.

You collected 54 gold pieces.
You spent 22 gold pieces at shops.

Inventory:

Hand Weapons
 a - a +0 war axe (weapon)
Missiles
 h - 4 poisoned darts (quivered)
Armour
 b - a +1 scale mail (worn)
 c - a +0 buckler (worn)
Scrolls
 d - 3 scrolls of identify {@r1}


   Skills:
 + Level 4.3 Fighting
 * Level 4.8 Axes
 + Level 1.2 Throwing
 + Level 3.9 Armour
 + Level 4.0 Shields


You had 4 spell levels left.
You didn't know any spells.
Your spell library was empty.

Dungeon Overview and Level Annotations

Branches:
Dungeon (4/15)
 Temple: D:4-7

Altars:

Shops:
D:4 *

Annotations:
D:3 Grinder


Innate Abilities, Weirdness & Mutations

You have a somewhat thin skeletal structure. (Dex +2, Stealth+)
Your system is resistant to poisons. (rPois)


Message History

You can read scrolls again.
Really quaff the potion of mutation?
You feel extremely strange.
You feel robust.
Your hooves expand and flesh out into feet!
You can once more read scrolls while threatened.
Your bones become slightly less dense.
You feel resistant to poisons. The black bear bites you.
* * * LOW HITPOINT WARNING * * *
The black bear closely misses you.
The black bear claws you but does no damage.
You hit the black bear but do no damage.
You hit the goblin. The black bear barely misses you.
The black bear claws you but does no damage. x2
The goblin barely misses you.
You hit the black bear.
The black bear is lightly wounded.
You hit the goblin.
You kill the goblin!
The black bear bites you but does no damage.
The black bear closely misses you.
The black bear claws you but does no damage.
You barely miss the black bear. The black bear bites you.
* * * LOW HITPOINT WARNING * * *
The black bear claws you but does no damage. x2
The black bear barely misses you. The black bear claws you.
* * * LOW HITPOINT WARNING * * *
The black bear claws you.
* * * LOW HITPOINT WARNING * * *
You barely miss the black bear. The black bear closely misses you. x2
You block the black bear's attack.
You hit the black bear.
The black bear is lightly wounded.
The black bear bites you but does no damage.
The black bear claws you but does no damage.
The black bear barely misses you.
You slash the black bear!
The black bear is moderately wounded.
The black bear barely misses you. The black bear claws you.
You die...

..# #.# .# .
###.##.## # ..#
........ .# ..
#.#.##.##.###
##.#.#.#.......
#....#)#...#.#
#..@h......#
.....:.###...#.#
###.##.####.##.#
# #.........#
### ######.####
### ... ##'##
..## #.# ##...##
...## #.#
##.....## ....#
##.## ##.......#


You could see a black bear.

Vanquished Creatures
  Terence (D:2)
  Natasha (thrice) (D:2)
  A gnoll (D:1)
  2 dart slugs (D:2)
  4 ball pythons
  4 endoplasms
  8 goblins
  4 hobgoblins
  3 jackals (D:1)
  A quokka (D:2)
  5 bats
  A frilled lizard (D:1)
  4 kobolds
  4 rats
45 creatures vanquished.

Vanquished Creatures (others)
  A fungus (D:2)
1 creature vanquished.

Grand Total: 46 creatures vanquished

Notes
Turn   | Place    | Note
-------+----------+-------------------------------------------
     0 | D:1      | leviel the Hill Orc Fighter began the quest for the Orb.
     0 | D:1      | Reached XP level 1. HP: 19/19 MP: 1/1
   192 | D:1      | Reached XP level 2. HP: 27/27 MP: 2/2
   518 | D:1      | Gained mutation: You have hidden genetic defects. [potion
                  | of mutation]
   518 | D:1      | Lost mutation: You have hidden genetic defects. [potion of
                  | mutation]
   518 | D:1      | Gained mutation: You are covered in fur. (AC +1) [potion of
                  | mutation]
   595 | D:1      | Reached XP level 3. HP: 28/33 MP: 3/3
   869 | D:2      | Noticed Natasha
   873 | D:2      | Killed Natasha
   874 | D:2      | Reached XP level 4. HP: 28/40 MP: 4/4
   981 | D:2      | Noticed Terence
  1000 | D:2      | Killed Terence
  1103 | D:2      | Noticed Natasha
  1115 | D:2      | Killed Natasha
  1116 | D:2      | Reached skill level 1 in Throwing
  1116 | D:2      | Reached XP level 5. HP: 13/46 MP: 5/5
  1379 | D:2      | Noticed Natasha
  1390 | D:2      | Killed Natasha
  1574 | D:2      | Found a faded altar of an unknown god.
  1585 | D:2      | Lost mutation: You are covered in fur. (AC +1) [potion of
                  | mutation]
  1585 | D:2      | Gained mutation: You passively map a small area around you.
                  | [potion of mutation]
  1585 | D:2      | Gained mutation: You are dopey. (Int -2) [potion of
                  | mutation]
  1585 | D:2      | Gained mutation: You expend magic power (3 MP) to
                  | strengthen your wands. [potion of mutation]
  1726 | D:2      | Lost mutation: You expend magic power (3 MP) to strengthen
                  | your wands. [potion of mutation]
  1726 | D:2      | Lost mutation: You are dopey. (Int -2) [potion of mutation]
  1726 | D:2      | Lost mutation: You passively map a small area around you.
                  | [potion of mutation]
  1726 | D:2      | Gained mutation: You have large cloven feet. [potion of
                  | mutation]
  1726 | D:2      | Gained mutation: You sometimes lose the ability to read
                  | scrolls when taking damage. [potion of mutation]
  1726 | D:2      | Gained mutation: You are frail. (-10% HP) [potion of
                  | mutation]
  1755 | D:2      | You fall into a shaft and drop 2 floors!
  1755 | D:4      | Found Pamynuel's General Store.
  1757 | D:4      | Bought a scroll of identify for 22 gold pieces
  1763 | D:4      | Noticed a black bear
  1796 | D:3      | Noticed Grinder
  1826 | D:3      | Lost mutation: You are frail. (-10% HP) [potion of
                  | mutation]
  1826 | D:3      | Lost mutation: You have large cloven feet. [potion of
                  | mutation]
  1826 | D:3      | Lost mutation: You sometimes lose the ability to read
                  | scrolls when taking damage. [potion of mutation]
  1826 | D:3      | Gained mutation: You have a somewhat thin skeletal
                  | structure. (Dex +2, Stealth+) [potion of mutation]
  1826 | D:3      | Gained mutation: Your system is resistant to poisons.
                  | (rPois) [potion of mutation]
  1829 | D:3      | HP: 2/47 [black bear (2)]
  1832 | D:3      | Slain by a black bear

Illustrated notes

Levels and vault maps discovered:
D:1:      lemuel_arrival_river_ford, layout_basic
D:2:      layout_basic, shapermc_ecumenical_altar_mp_ritualfount, uniq_terence,
          uniq_natasha
D:3:      layout_loops_corners, chequers_temple_overflow_statue_of_worship,
          nicolae_shop_unique_rings, uniq_grinder, uniq_robin
D:4:      layout_rooms, minmay_temple_entry_fiery, serial_shops,
          nicolae_shop_hallway_plus, minmay_misc_feat_iff,
          kennysheep_generic_room_8

Skill      XL: |  1  2  3  4  5 |
---------------+----------------+-----
Axes           | 3 4 |  4.8
Fighting       | 4 |  4.3
Throwing       | 1 |  1.2
Shields        | 4 |  4.0
Armour         | |  3.9

Action                   |  1- 3 |  4- 6 || total
-------------------------+-------+-------++-------
Melee: War axe           |    65 |    65 ||   130
Throw: Dart              |     6 |       ||     6
  Use: Potion            |     5 |     5 ||    10
       Scroll            |       |     3 ||     3
Armor: Scale mail        |    39 |    63 ||   102
Dodge: Dodged            |    31 |    75 ||   106
Block: Buckler           |    17 |    25 ||    42

Table legend: (Time is in decaauts)
 A = Elapsed time spent in this place.
 B = Non-inter-level travel time spent in this place.
 C = Inter-level travel time spent in this place.
 D = Time resting spent in this place.
 E = Time spent auto-exploring this place.
 F = Levels seen in this place.
 G = Mean time per level.
                   A        B        C        D        E       F      G
               +--------+--------+--------+--------+--------+-----+--------+
         Total |   1852 |   1801 |     51 |    488 |    913 |   4 |  463.0 |
       Dungeon |   1852 |   1801 |     51 |    488 |    913 |   4 |  463.0 |
               +--------+--------+--------+--------+--------+-----+--------+

Top non-repeatable levels by time:
     D:2: 893 daAuts
     D:1: 881 daAuts
     D:4: 41 daAuts
     D:3: 37 daAuts
